 Dungeon Crawl Stone Soup version 0.24.1-5-g77f818bfca (webtiles) character file.

Game seed: 10611737728572569785, levelgen mode: deterministic

51788 MajorAdolf the Cleaver (level 14, -7/133 HPs)
             Began as a Naga Wanderer on Apr 22, 2020.
             Was an Initiate of Gozag.
             Mangled by a death yak (20 damage)
             ... on level 5 of the Lair of Beasts.
             The game lasted 01:11:34 (34109 turns).

MajorAdolf the Cleaver (Naga Wanderer)             Turns: 34109, Time: 01:11:35

Health: -7/133     AC: 25    Str: 24    XL:     14   Next: 61%
Magic:  22/22      EV: 15    Int: 16    God:    Gozag
Gold:   1184       SH:  6    Dex: 13    Spells: 13/13 levels left

rFire    + . .     SeeInvis +   u - +2 war axe
rCold    + + .     Gourm    .   m - +0 buckler
rNeg     + . .     Faith    .   b - +2 scale mail
rPois    +         Spirit   .   G - +1 helmet {SInv}
rElec    +         Reflect  .   D - +0 cloak
rCorr    +         Harm     .   (no gloves)
MR       +....                  C - +4 naga barding
Stlth    +.........             t - amulet of the acrobat
HPRegen  0.32/turn              k - ring of positive energy
MPRegen  0.18/turn              L - ring of protection from cold

@: mighty, agile, resistant, very slow
A: large, see invisible, deformed body, poison resistance, slowness 2, slow
metabolism 1, spit poison 1, constrict 1, AC +4
a: Spit Poison, Potion Petition, Call Merchant, Bribe Branch, Renounce Religion


You were on level 5 of the Lair of Beasts.
You worshipped Gozag.
Gozag was most pleased with you.
You were not hungry.

You visited 4 branches of the dungeon, and saw 21 of its levels.

You collected 4254 gold pieces.
You spent 1446 gold pieces at shops.
You paid 1624 gold pieces to Gozag.

Inventory:

Hand Weapons
 u - a +2 war axe (weapon)
Armour
 b - a +2 scale mail (worn)
 m - a +0 buckler (worn)
 C - a +4 naga barding (worn)
 D - a +0 cloak (worn)
 G - a +1 helmet of see invisible (worn)
Jewellery
 g - an uncursed amulet of rage
 k - a ring of positive energy (left hand)
 t - an amulet of the acrobat (around neck)
 x - an uncursed ring of stealth
 A - a +1 ring of protection {unknown}
 L - a ring of protection from cold (right hand)
Wands
 y - a wand of paralysis (10)
 E - a wand of enslavement (2)
 F - a wand of acid (2)
 O - a wand of polymorph (7)
Scrolls
 a - 6 scrolls of remove curse
 f - a scroll of enchant weapon
 i - 2 scrolls of fog
 o - 5 scrolls of teleportation
 v - 11 scrolls of identify
 J - 2 scrolls of blinking
 K - a scroll of amnesia
 Q - 2 scrolls of enchant armour
 R - a scroll of magic mapping
Potions
 c - 7 potions of curing
 e - 2 potions of agility
 h - 3 potions of flight
 j - a potion of heal wounds
 l - a potion of resistance
 n - 4 potions of magic
 p - 2 potions of might
 q - 3 potions of mutation
 r - 5 potions of haste
 s - 2 potions of cancellation
 w - 3 potions of ambrosia {unknown}
 z - 2 potions of brilliance {unknown}
 I - a potion of lignification {unknown}
 N - a potion of invisibility {unknown}
Comestibles
 d - 2 rations


   Skills:
 + Level 10.6 Fighting
   Level 1.0 Long Blades
 + Level 12.1 Axes
   Level 1.0 Bows
 + Level 8.5 Armour
 + Level 7.6 Dodging
 - Level 1.5 Stealth
 + Level 8.6 Shields
 + Level 10.7 Evocations


You had 13 spell levels left.
You didn't know any spells.
Your spell library contained the following spells:

 Spells                   Type           Power        Failure   Level  Hunger
 Beastly Appendage        Tmut           #.....       47%         1    ##.....
 Corona                   Hex            #......      47%         1    ##.....
 Freeze                   Ice            #...         47%         1    ##.....
 Sandblast                Erth           #.....       47%         1    ##.....
 Ensorcelled Hibernation  Hex/Ice        #.....       63%         2    ###....
 Passwall                 Tmut/Erth      #.......     63%         2    ###....
 Poisonous Vapours        Pois/Air       #.....       63%         2    ###....
 Sticks to Snakes         Tmut           #.......     63%         2    ###....
 Throw Frost              Conj/Ice       #.....       63%         2    ###....
 Confuse                  Hex            #.......     85%         3    ####...
 Conjure Flame            Conj/Fire      #.......     85%         3    ####...
 Dazzling Spray           Conj/Hex       #.....       85%         3    ####...
 Mephitic Cloud           Conj/Pois/Air  #.......     85%         3    ####...
 Ozocubu's Armour         Chrm/Ice       #.......     85%         3    ####...
 Spider Form              Tmut/Pois      #.........   85%         3    ####...
 Stone Arrow              Conj/Erth      #.....       85%         3    ####...
 Tukima's Dance           Hex            #.......     85%         3    ####...
 Ice Form                 Ice/Tmut       #.......     99%         4    #####..
 Petrify                  Tmut/Erth      #.......     99%         4    #####..
 Summon Ice Beast         Ice/Summ       #.......     99%         4    #####..
 Throw Icicle             Conj/Ice       #.......     99%         4    #####..
 Blade Hands              Tmut           #.........   100%        5    ######.
 Lee's Rapid Deconstruct  Erth           #.........   100%        5    ######.
 Freezing Cloud           Conj/Ice/Air   #.........   100%        6    #######
 Ring of Flames           Chrm/Fire      #.........   100%        7    #######


Dungeon Overview and Level Annotations

Branches:
Dungeon (13/15)            Temple (1/1) D:7            Lair (6/6) D:8
 Shoals (0/4) Lair:3        Snake (0/4) Lair:4        Slime (0/5) Lair:6
    Orc (1/2) D:11
 Vaults: D:13-14

Altars:
Ashenzari
Cheibriados
Dithmenos
Elyvilon
Fedhas
Gozag
Hepliaklqana
Kikubaaqudgha
Makhleb
Nemelex Xobeh
Okawaru
Qazlal
Ru
Sif Muna
Trog
Uskayaw
Vehumet
Wu Jian
Xom
Yredelemnul
Zin
The Shining One

Shops:
D:9 [   D:11 [*   Lair:4 ?

Annotations:
Lair:4 3 runed translucent doors, Rastanax's ghost, journeyman MiFi
Lair:5 exclusion: 2 oklob plants


Innate Abilities, Weirdness & Mutations

You cannot wear boots.
Your serpentine skin is tough. (AC +4)
You have supernaturally acute eyesight. (SInv)
Armour fits poorly on your strangely shaped body.
Your system is resistant to poisons. (rPois)
You cover ground very slowly.
You have a slow metabolism.
You can spit poison.
You can use your snake-like lower body to constrict enemies.


Message History

The death yak is moderately wounded.
You hit the death yak.
The death yak gores you but does no damage.
The death yak barely misses you.
Unknown command.
You slice the death yak!!
The death yak is heavily wounded.
You hit the death yak. The death yak gores you. The death yak gores you!
* * * LOW HITPOINT WARNING * * *
You hit the death yak but do no damage.
The death yak is heavily wounded.
You slash the death yak! The death yak gores you!
* * * LOW HITPOINT WARNING * * *
The death yak barely misses you.
Unknown command.
You feel much better. The death yak gores you!!
* * * LOW HITPOINT WARNING * * *
The death yak gores you!!
You die...
Your body crumbles into a pile of gold.

.......#....##..P..........#..#..
#..........#.#............##.....
.#...........###.#............P#.
............P...#................
.................................
.................................
.................................
..............#####..............
......P.....##.Y@................
......#....##...Y...##>....#.#..#
#..........#....⌠.........#.#..##
.........##....####...##..#.....#
.P..<##.##...##...##...#...#.....
.....#......####.##.#.....#....+.
....###.....###.....#....##.....#
...#.........................#..#
.......⌠.....⌠..>..⌠.....⌠...#.#.


You could see 2 death yaks.

Vanquished Creatures
  A ghost moth (Lair:4)
  Snorg (Lair:3)
  Josephine (D:10)
  7 hydras
  A catoblepas (Lair:3)
  2 two-headed ogres
  Erica (D:10)
  18 death yaks
  4 ugly things
  4 elephants
  2 black mambas
  A merfolk siren (Lair:3)
  6 spiny frogs
  A rime drake (Lair:4)
  2 centaur skeletons
  5 komodo dragons
  A troll (D:12)
  3 polar bears
  6 hippogriffs
  4 hornets
  10 blink frogs
  7 slime creatures
  6 wraiths
  17 yaks
  8 spriggans (Lair:6)
  2 wyverns (Lair:6)
  A hungry ghost (D:11)
  2 basilisks (D:8)
  4 nagas (Lair:4)
  3 wargs (D:11)
  7 porcupines
  9 water moccasins
  10 orc warriors
  4 ice beasts
  4 sky beasts
  4 phantoms
  4 black bears
  5 centaurs
  3 ogres
  2 boggarts (Lair:6)
  17 wolves
  3 big kobolds
  10 crocodiles
  16 bullfrogs
  A troll zombie (D:8)
  A wyvern skeleton (D:12)
  4 scorpions
  6 wights
  6 killer bees
  6 howler monkeys
  6 crimson imps
  2 quasits
  2 hounds
  6 orc priests
  4 jellies
  20 orc wizards
  5 human zombies (D:8)
  A bullfrog skeleton (D:5)
  5 iguanas
  A human skeleton (D:8)
  6 worker ants
  2 killer bee zombies
  An ogre zombie (D:8)
  4 hound skeletons
  2 mummies (D:8)
  2 howler monkey zombies
  10 gnolls
  17 adders
  4 shadow imps
  2 oozes
  2 adder zombies
  2 worms
  2 dart slugs
  5 leopard geckos
  57 orcs
  10 bats
  5 giant cockroaches
  6 goblins
  8 hobgoblins
  12 jackals
  24 kobolds
  7 quokkas
  A ball python (D:6)
  9 frilled lizards
  A jackal zombie (D:7)
  An orc skeleton (D:8)
  2 quokka skeletons
  A quokka zombie (D:5)
  9 rats
  12 fungi
  8 plants (Lair:6)
539 creatures vanquished.

Vanquished Creatures (others)
  An elephant (Lair:5)
  A bush (Lair:4)
  41 fungi
  24 plants
67 creatures vanquished.

Grand Total: 606 creatures vanquished

Notes
Turn   | Place    | Note
-------+----------+-------------------------------------------
     0 | D:1      | MajorAdolf the Naga Wanderer began the quest for the Orb.
     0 | D:1      | MajorAdolf set off with the following items: a +0 falchion,
                  | a +2 scale mail, a potion of curing, a ration
     0 | D:1      | Reached XP level 1. HP: 21/21 MP: 1/1
   267 | D:1      | Reached XP level 2. HP: 25/28 MP: 2/2
   437 | D:1      | Reached XP level 3. HP: 33/36 MP: 3/3
  1658 | D:2      | Found a glowing silver altar of Zin.
  1660 | D:2      | Found a bloodstained altar of Trog.
  1778 | D:2      | Reached XP level 4. HP: 35/45 MP: 4/4
  1870 | D:2      | Found a sparkling altar of Nemelex Xobeh.
  2562 | D:3      | Reached XP level 5. HP: 47/51 MP: 5/5
  2896 | D:3      | Found an ancient bone altar of Kikubaaqudgha.
  2983 | D:3      | Reached skill level 1 in Axes
  3434 | D:4      | Noticed an ogre
  3596 | D:4      | Reached skill level 2 in Axes
  3897 | D:5      | Entered Level 5 of the Dungeon
  3965 | D:5      | Reached XP level 6. HP: 60/60 MP: 6/6
  3983 | D:5      | Reached skill level 3 in Axes
  4026 | D:5      | Found a basalt altar of Yredelemnul.
  4177 | D:5      | Noticed a phantom
  5255 | D:5      | Noticed an ice beast
  5280 | D:4      | Reached skill level 4 in Axes
  5341 | D:5      | Killed an ice beast
  5341 | D:5      | Reached XP level 7. HP: 36/66 MP: 7/7
  5512 | D:5      | Reached skill level 5 in Axes
  6393 | D:6      | Reached skill level 6 in Axes
  6677 | D:6      | Reached XP level 8. HP: 59/73 MP: 8/10
  7104 | D:4      | Reached skill level 7 in Axes
  7241 | D:4      | You fall into a shaft and drop 1 floor!
  8816 | D:6      | Found an iron altar of Okawaru.
  9061 | D:7      | Reached skill level 5 in Evocations
  9062 | D:7      | Reached XP level 9. HP: 80/80 MP: 12/12
  9200 | D:7      | Found a snail-covered altar of Cheibriados.
  9221 | D:7      | Reached skill level 8 in Axes
  9273 | D:7      | Found a staircase to the Ecumenical Temple.
  9485 | D:7      | Found a sacrificial altar of Ru.
  9695 | Temple   | Entered the Ecumenical Temple
  9783 | Temple   | Became a worshipper of Gozag Ym Sagoz the Greedy
  9936 | D:8      | Reached skill level 5 in Fighting
 10273 | D:8      | Reached skill level 1 in Dodging
 10276 | D:8      | Noticed a two-headed ogre
 10787 | D:8      | Killed a two-headed ogre
 10787 | D:8      | Reached XP level 10. HP: 75/91 MP: 14/14
 11013 | D:8      | Found a staircase to the Lair.
 11438 | D:8      | Got a pair of crude gloves
 11453 | D:8      | Identified the +1 pair of gloves "Foic" {*Corrode +Fly rN++
                  | MP+9} (You found it on level 8 of the Dungeon)
 12102 | D:8      | Found a basalt altar of Yredelemnul.
 12540 | D:9      | Reached skill level 9 in Axes
 12994 | D:9      | Found Umieler's Armour Emporium.
 13156 | D:9      | Bought a +0 naga barding for 345 gold pieces
 13161 | D:9      | Bought a +0 cloak for 67 gold pieces
 13662 | D:9      | Reached skill level 5 in Shields
 14176 | D:10     | Entered Level 10 of the Dungeon
 14263 | D:9      | Reached XP level 11. HP: 56/99 MP: 16/16
 14550 | D:10     | Reached skill level 5 in Armour
 14992 | D:10     | Noticed Erica
 15009 | D:10     | Killed Erica
 15258 | D:10     | Noticed Josephine
 15260 | D:10     | Killed Josephine
 15807 | D:11     | Bought a runed helmet for 172 gold pieces
 15836 | D:11     | Found Zepn's Assorted Antiques.
 15947 | D:11     | Bought a lead wand for 96 gold pieces
 15947 | D:11     | Bought a bubbling green potion for 21 gold pieces
 16207 | D:11     | Found a staircase to the Orcish Mines.
 16803 | D:11     | Noticed a red ugly thing
 16807 | D:11     | Killed a red ugly thing
 17208 | D:11     | Noticed a red ugly thing
 17332 | D:11     | Killed a red ugly thing
 17348 | D:11     | Bought a tourmaline ring for 120 gold pieces
 17348 | D:11     | Bought 2 metallic orange potions for 43 gold pieces
 17364 | D:12     | Noticed a red ugly thing
 17376 | D:12     | Killed a cyan ugly thing
 17376 | D:12     | Reached skill level 10 in Axes
 18822 | D:12     | Reached XP level 12. HP: 94/110 MP: 18/18
 19049 | D:12     | Noticed a two-headed ogre
 19062 | D:12     | Killed a two-headed ogre
 19062 | D:12     | Reached skill level 5 in Dodging
 19470 | Orc:1    | Entered Level 1 of the Orcish Mines
 19470 | Orc:1    | Noticed an ettin
 20047 | D:13     | Noticed an ogre mage
 20047 | D:13     | Noticed a two-headed ogre
 20181 | Lair:1   | Entered Level 1 of the Lair of Beasts
 20183 | Lair:1   | Noticed a seven-headed hydra
 20188 | Lair:1   | Killed a seven-headed hydra
 20624 | Lair:1   | Noticed a seven-headed hydra
 20647 | Lair:1   | Killed a 20-headed hydra
 22185 | Lair:2   | Noticed a seven-headed hydra
 22193 | Lair:1   | Killed a seven-headed hydra
 23489 | Lair:3   | Noticed a five-headed hydra
 23497 | Lair:3   | Killed a five-headed hydra
 23883 | Lair:3   | Found a staircase to the Shoals.
 23921 | Lair:3   | Noticed Snorg
 23933 | Lair:3   | Killed Snorg
 24086 | Lair:3   | Noticed a catoblepas
 24100 | Lair:3   | Killed a catoblepas
 24100 | Lair:3   | Gained mutation: You can use your snake-like lower body to
                  | constrict enemies. [Naga growth]
 24100 | Lair:3   | Reached XP level 13. HP: 121/121 MP: 19/19
 24539 | Lair:4   | Bought a scroll of enchant armour for 90 gold pieces
 24730 | Lair:4   | Reached skill level 11 in Axes
 24738 | Lair:4   | Found a staircase to the Snake Pit.
 25070 | Lair:4   | Noticed a ghost moth
 25070 | Lair:4   | a five-headed hydra changed into a ghost moth
 25081 | Lair:4   | HP: 4/121 [ghost moth (10)]
 25083 | Lair:4   | Killed a ghost moth
 25098 | Lair:4   | HP: 6/121 [poisoned by a ghost moth]
 25104 | Lair:4   | HP: 4/121 [poisoned by a ghost moth]
 25111 | Lair:4   | HP: 3/121 [poisoned by a ghost moth]
 25118 | Lair:4   | HP: 3/121 [poisoned by a ghost moth]
 25126 | Lair:4   | HP: 3/121 [poisoned by a ghost moth]
 25762 | Lair:4   | Found a runed translucent gate.
 25762 | Lair:4   | Found a runed translucent gate.
 25762 | Lair:4   | Found a runed translucent gate.
 25762 | Lair:4   | Noticed Rastanax's ghost (journeyman MiFi)
 27150 | Lair:4   | Bought a scroll of blinking for 90 gold pieces
 27150 | Lair:4   | Bought 3 scrolls of enchant armour for 270 gold pieces
 27150 | Lair:4   | Bought a scroll of blinking for 90 gold pieces
 27150 | Lair:4   | Bought a scroll of magic mapping for 42 gold pieces
 27526 | Lair:4   | Reached skill level 10 in Evocations
 28483 | Lair:4   | Reached skill level 10 in Fighting
 29578 | Lair:4   | Reached XP level 14. HP: 124/132 MP: 21/21
 30915 | Lair:6   | Entered Level 6 of the Lair of Beasts
 31432 | Lair:6   | Found a staircase to the Slime Pits.
 32401 | Lair:6   | Reached skill level 12 in Axes
 32986 | Lair:6   | HP: 5/133 [spriggan/+0 dagger (9)]
 34109 | Lair:5   | Mangled by a death yak

Levels and vault maps discovered:
D:1:      dpeg_arrival_radiant, layout_basic, grunt_decor_one_mirror,
          minmay_vboxes
D:2:      layout_rooms, nicolae_overflow_hidden_temple, minmay_misc_feat_pillars
D:3:      layout_basic, kiku_gazebo_pond_becter, first_ration
D:4:      layout_gridville
D:5:      layout_loops_ring, basic_altar
D:6:      layout_loops_ring, okawaru_altar_gauntlet_db
D:7:      layout_cave_pools, nicolae_ru_great_annihilating_truth,
          kennysheep_mini_moat, minmay_temple_entry_arrows
D:8:      layout_basic, lemuel_mausoleum_altar_yredelemnul,
          minmay_lair_entry_grove
D:9:      minmay_s_stair_smasher, layout_stronghold, serial_shops, shop_statue
D:10:     layout_cave_pods, uniq_josephine, uniq_erica
D:11:     layout_basic, david_orc_1_choice, serial_shops, shop
D:12:     layout_small_grid
D:13:     layout_irregular_city, david_vaults_2, grunt_ogre_cave
Temple:   zaba_magenta_temple
Lair:1:   layout_cave_pods
Lair:2:   layout_gridlike
Lair:3:   layout_regular_city, minmay_shoals_entry_lonely_mermaid, uniq_snorg
Lair:4:   layout_layer_cave, minmay_snake_entry_guardpost_small,
          gammafunk_ghost_hydra_chop
Lair:5:   layout_regular_city, st_stairs_10, grunt_megastairs_5,
          minmay_lair_oklob_chamber
Lair:6:   minmay_lair_end_enchanted_forest, layout_loops_ring,
          minmay_slime_entry_pillars, chequers_serial_rivers_micro_c
Orc:1:    layout_caves, basic_altar

Skill      XL: |  1  2  3  4  5  6  7  8  9 10 11 12 13 14 |
---------------+-------------------------------------------+-----
Armour         | 2 3 4 6 7 8 |  8.5
Fighting       | 4 5 6 7 9 10 | 10.6
Axes           | 2 4 6 7 8 9 10 11 12 | 12.1
Evocations     | 3 5 6 7 8 9 10 | 10.7
Shields        | 2 4 5 6 7 8 |  8.6
Dodging        | 2 3 4 6 7 |  7.6
Long Blades    | |  1.0
Bows           | |  1.0
Stealth        | |  1.5

Action                   |  1- 3 |  4- 6 |  7- 9 | 10-12 | 13-15 || total
-------------------------+-------+-------+-------+-------+-------++-------
Melee: Falchion          |   137 |    92 |       |       |       ||   229
       War axe           |       |   162 |   445 |  1019 |   722 ||  2348
       Constrict         |       |       |       |       |    78 ||    78
Invok: Call Merchant     |       |       |       |     1 |     1 ||     2
       Potion Petition   |       |       |       |       |     1 ||     1
 Abil: Spit Poison       |    20 |    22 |    11 |     1 |       ||    54
       Evoke Berserk Rag |       |       |    10 |    10 |     4 ||    24
Evoke: Wand              |       |       |       |    40 |    23 ||    63
  Use: Scroll            |       |    14 |     5 |     7 |    15 ||    41
       Potion            |       |       |       |     4 |     4 ||     8
 Stab: Paralysed         |       |       |     1 |    30 |       ||    31
       Distracted        |       |       |       |     5 |     5 ||    10
  Eat: Chunk             |     2 |    12 |    15 |       |       ||    29
       Ration            |       |       |     2 |    15 |     9 ||    26
Armor: Scale mail        |   113 |   175 |   271 |   679 |   527 ||  1765
Dodge: Dodged            |    69 |   105 |   185 |   325 |   251 ||   935
Block: Buckler           |       |       |    30 |   217 |   174 ||   421
       Rpst.: Falchion   |    22 |    14 |       |       |       ||    36
